 Dungeon Crawl Stone Soup version 0.26.1-10-gdfb7c7de75 (webtiles) character file.

Game seed: 16720213256517844654

2449 oldmanjim the Ruffian (level 9, -10/88 HPs)
             Began as a Troll Transmuter on Apr 1, 2021.
             Was a Priest of Okawaru.
             Mangled by a hornet (13 damage)
             ... while paralysed by a hornet
             ... on level 7 of the Dungeon.
             The game lasted 00:39:00 (6576 turns).

oldmanjim the Ruffian (Troll Transmuter)            Turns: 6576, Time: 00:39:00

Health: -10/88     AC:  8    Str: 20    XL:     9   Next: 25%
Magic:  10/10      EV:  1    Int: 12    God:    Okawaru [***...]
Gold:   349        SH:  0    Dex: 10    Spells: 9/10 levels left

rFire    . . .     SeeInvis .     - Unarmed
rCold    . . .     Faith    .   (no shield)
rNeg     . . .     Spirit   .   r - +0 troll leather armour {Purgy}
rPois    .         Reflect  .   (helmet restricted)
rElec    .         Harm     .   (no cloak)
rCorr    +         Rampage  .   (gloves unavailable)
Will     .....                  (boots unavailable)
Stlth    +.........             (no amulet)
HPRegen  1.04/turn              t - ring of resist corrosion
MPRegen  0.12/turn              (no ring)

@: paralysed, lethally poisoned (-10 -> -27), about to teleport, slowed
A: large, unfitting armour, claws 3, regeneration 1, shaggy fur 1, tough skin 3
a: Renounce Religion, Heroism


You were on level 7 of the Dungeon.
You worshipped Okawaru.
Okawaru was most pleased with you.
You visited 2 branches of the dungeon, and saw 9 of its levels.
You also visited: Sewer.

You collected 349 gold pieces.

Inventory:

Missiles
 d - 2 datura-tipped darts
 h - 299 stones
 i - 91 sling bullets
 j - 4 large rocks (quivered)
 l - 8 boomerangs
 q - 18 javelins
 x - 13 poisoned darts
 A - 3 silver boomerangs
Armour
 r - a +0 troll leather armour (worn) {Purgy}
 E - a +0 hat
Jewellery
 t - a ring of resist corrosion (left claw)
Wands
 e - a wand of digging (6)
 C - a wand of random effects (20)
Scrolls
 a - 2 scrolls of remove curse
 b - 3 scrolls of fog
 k - 7 scrolls of teleportation
 o - 2 scrolls of enchant weapon
 w - a scroll of amnesia
 y - a scroll of fear
 B - a scroll of magic mapping
Potions
 c - 3 potions of attraction
 f - a potion of invisibility
 g - a potion of lignification
 m - 3 potions of flight
 n - 3 potions of curing
 p - 3 potions of might
 s - 2 potions of haste
 u - 2 potions of berserk rage
 z - a potion of magic {unknown}
 D - a potion of resistance


   Skills:
 - Level 5.0 Fighting
 - Level 3.0 Throwing
 - Level 1.5 Dodging
 + Level 6.5 Unarmed Combat
 - Level 1.2 Spellcasting
 + Level 5.9 Transmutations
 + Level 3.5 Invocations


You had 9 spell levels left.
You knew the following spells:

 Your Spells              Type           Power        Failure   Level
a - Beastly Appendage     Tmut           28%          3%          1

Your spell library contained the following spells:

 Spells                   Type           Power        Failure   Level
 Wereblood                Tmut           14%          4%          2
 Spider Form              Tmut/Pois      3%           30%         3
 Blade Hands              Tmut           7%           65%         5
 Ice Form                 Ice/Tmut       7%           71%         4


Dungeon Overview and Level Annotations

Branches:
Dungeon (8/15)             Temple (1/1) D:4           Sewer (visited)
   Lair: D:8-11

Altars:
Cheibriados
Elyvilon
Gozag
Hepliaklqana
Kikubaaqudgha
Makhleb
Nemelex Xobeh
Okawaru
Qazlal
Ru
Sif Muna
Trog
Uskayaw
Vehumet
Wu Jian
Xom
Yredelemnul
Zin
The Shining One

Annotations:
D:2 1 runed translucent door, exclusion: door, Crazy Yiuf
D:6 2 runed translucent doors, exclusion: 2 doors, noodleboyJ's ghost, novice GnMo


Innate Abilities, Weirdness & Mutations

You are too large for most types of armour.
You have claws for hands.
Your natural rate of healing is unusually fast.
You are covered in fur. (AC +1)
You have extremely tough skin. (AC +3)


Message History

The hornet stings you but does no damage.
As you read the scroll of teleportation, it crumbles to dust.
You feel strangely unstable.
You feel very sick. The hornet stings you!
* * * LOW HITPOINT WARNING * * *
You are more poisoned.
You feel as though you will be slow longer.
The hornet stings you.
* * * LOW HITPOINT WARNING * * *
You are more poisoned.
You suddenly lose the ability to move!
* * * LOW HITPOINT WARNING * * *
You feel very sick.
The hornet stings you but does no damage.
* * * LOW HITPOINT WARNING * * *
You feel very sick.
The hornet stings you but does no damage.
The hornet stings you!
You die...

*,,,,,,,,* ********,* ####### #.*
#.....# #.* ***** #.....#####.*
*,,,* ............###########
*,,,*
......................###,,,*
,.......................',,,*
##....).........@y....#**,,,*
†...<...###.#.#+####### *,,,*
##.####.#.......#********,*** ***
>.....#.#.......#*,,,,,,*,*****,,
.#.#..#.#.......##......#,,,,,,,,
.#.#.<..###+#+#.##......#,,,,,,,,
,#.#.#..#.....#.##......#,,,,>,,,
.#.#...)#...#.#.##......#.,,,,,,,
.................+......'.,,,,,,,


You could see a hornet.

Vanquished Creatures
  Grinder (D:3)
  An ice beast (D:6)
  Purgy (D:3)
  An orc warrior (D:6)
  2 necrophages
  A black bear (D:6)
  An ogre (D:7)
  A centaur (D:8)
  3 bullfrogs (D:6)
  A water moccasin zombie (D:5)
  2 scorpions
  A water moccasin skeleton (D:5)
  6 killer bees
  A howler monkey (D:5)
  A centaur zombie (D:5)
  An orc priest (D:8)
  A hound (D:5)
  A bullfrog skeleton (D:4)
  A centaur skeleton (D:6)
  2 jellies (D:5)
  4 orc wizards
  Jessica (D:3)
  An iguana (D:8)
  4 worker ants
  Natasha (thrice) (D:3)
  A killer bee zombie (D:7)
  A gnoll (D:4)
  14 adders
  2 river rats
  A shadow imp (D:4)
  A white imp (D:7)
  An ooze (D:1)
  An adder zombie (D:5)
  An adder skeleton (D:2)
  2 worms
  6 leopard geckos
  16 orcs
  8 ball pythons
  8 giant cockroaches
  3 goblins (D:1)
  7 hobgoblins
  2 jackals (D:1)
  3 quokkas
  5 bats
  11 frilled lizards
  9 kobolds
  10 rats
156 creatures vanquished.

Vanquished Creatures (others)
  2 fungi (D:2)
  A plant (D:3)
3 creatures vanquished.

Grand Total: 159 creatures vanquished

Notes
Turn   | Place    | Note
-------+----------+-------------------------------------------
     0 | D:1      | oldmanjim the Troll Transmuter began the quest for the Orb.
     0 | D:1      | Reached XP level 1. HP: 18/18 MP: 1/1
    34 | D:1      | Reached XP level 2. HP: 13/26 MP: 2/2
   185 | D:1      | Reached skill level 1 in Fighting
   233 | D:1      | Found an iron altar of Okawaru.
   546 | D:2      | Reached XP level 3. HP: 22/27 MP: 3/3
   702 | D:2      | Reached skill level 4 in Unarmed Combat
   839 | D:2      | Noticed a scorpion
   850 | D:2      | Killed a scorpion
   851 | D:2      | Reached XP level 4. HP: 25/42 MP: 4/4
  1002 | D:2      | Found a runed translucent door.
  1003 | D:2      | Noticed Crazy Yiuf
  1161 | D:3      | Noticed Jessica
  1166 | D:3      | Killed Jessica
  1167 | D:3      | Reached XP level 5. HP: 49/49 MP: 5/5
  1299 | D:3      | Noticed Purgy
  1317 | D:3      | HP: 2/49 [Purgy (2)]
  1319 | D:3      | Killed Purgy
  1550 | D:3      | Noticed Grinder
  1559 | D:3      | Killed Grinder
  1560 | D:3      | Reached skill level 5 in Unarmed Combat
  1560 | D:3      | Reached XP level 6. HP: 52/61 MP: 6/6
  1666 | D:3      | Noticed Natasha
  1667 | D:3      | Killed Natasha
  1696 | D:3      | Noticed Natasha
  1700 | D:3      | Killed Natasha
  1817 | D:3      | Noticed Natasha
  1824 | D:3      | Killed Natasha
  1933 | D:3      | Reached XP level 7. HP: 67/67 MP: 7/7
  2146 | D:4      | Reached skill level 1 in Throwing
  2265 | D:4      | Found a staircase to the Ecumenical Temple.
  2276 | Temple   | Entered the Ecumenical Temple
  2446 | Temple   | Became a worshipper of Warmaster Okawaru
  2873 | D:5      | Entered Level 5 of the Dungeon
  3001 | D:5      | Reached * piety under Okawaru
  3054 | D:5      | Found an opulent altar of Gozag.
  3164 | D:5      | Found a glowing drain.
  3173 | Sewer    | Entered a sewer
  3745 | D:5      | Reached XP level 8. HP: 79/79 MP: 8/8
  3989 | D:6      | Reached skill level 5 in Fighting
  4160 | D:6      | Reached skill level 5 in Transmutations
  4357 | D:6      | Reached ** piety under Okawaru
  4441 | D:6      | Found a large runed translucent door.
  4444 | D:6      | Found a large runed translucent door.
  4444 | D:6      | Noticed noodleboyJ's ghost (novice GnMo)
  4459 | D:6      | Reached skill level 1 in Invocations
  4883 | D:7      | Found a basalt altar of Yredelemnul.
  4908 | D:7      | Found a bloodstained altar of Trog.
  5532 | D:8      | Reached skill level 6 in Unarmed Combat
  5532 | D:8      | Reached XP level 9. HP: 71/88 MP: 10/10
  5902 | D:7      | Reached *** piety under Okawaru
  6336 | D:8      | Paralysed by a hornet for 2 turns
  6341 | D:7      | HP: 3/88 [gnoll (2)]
  6447 | D:7      | Found a bloodstained altar of Trog.
  6458 | D:7      | Found a basalt altar of Yredelemnul.
  6567 | D:7      | Paralysed by a hornet for 1 turns
  6574 | D:7      | Paralysed by a hornet for 3 turns
  6576 | D:7      | HP: 3/88 [poisoned by a hornet]
  6576 | D:7      | Mangled by a hornet

Illustrated notes

Levels and vault maps discovered:
D:1:      minmay_arrival_nine_rooms, layout_rooms, st_stairs_9,
          okawaru_ov_weapons_minmay
D:2:      layout_basic, minmay_misc_feat_doors, uniq_crazy_yiuf_cottage
D:3:      layout_basic, hangedman_abyss_or_decor_lesser_grid,
          minmay_shallow_snake_nest, uniq_natasha, uniq_purgy, uniq_jessica,
          uniq_grinder
D:4:      minmay_razor_zed, layout_gridville, minmay_temple_entry_glass,
          item_on_display_a
D:5:      layout_rooms, gup_sewer_entry_bubbles, hangedman_decor_riveting,
          grunt_gozag_statues
D:6:      layout_loops_ring, ebering_ghost_disaster_area
D:7:      layout_basic, grunt_temple_overflow_open
D:8:      layout_basic
Temple:   minmay_crystal_spiral_temple

Skill      XL: |  1  2  3  4  5  6  7  8  9 |
---------------+----------------------------+-----
Fighting       | 1 2 3 4 5 |  5.0
Unarmed Combat | 4 5 6 |  6.5
Transmutations | 2 3 4 5 |  5.9
Throwing       | 2 3 |  3.0
Invocations    | 2 3 |  3.5
Dodging        | |  1.5
Spellcasting   | |  1.2

Action                   |  1- 3 |  4- 6 |  7- 9 || total
-------------------------+-------+-------+-------++-------
Melee: Unarmed           |   101 |    61 |   375 ||   537
       Punch             |     1 |       |     4 ||     5
Throw: Large rock        |       |       |     5 ||     5
Invok: Heroism           |       |       |     3 ||     3
  Use: Scroll            |       |       |    24 ||    24
       Potion            |       |       |     2 ||     2
Armor: Robe              |    72 |    17 |       ||    89
       Troll leather arm |       |     5 |   199 ||   204
Dodge: Dodged            |    71 |    37 |   229 ||   337
